 Dungeon Crawl Stone Soup version 0.30-a0-989-g0d87f670db (webtiles) character file.

Game seed: 3634165046628229556

60238 Newt the Spear-Bearer (level 14, -3/121 HPs)
             Began as a Demonspawn Gladiator on Apr 2, 2023.
             Was a High Priest of Qazlal.
             Slain by Polyphemus (31 damage)
             ... on level 2 of the Shoals.
             The game lasted 00:26:05 (17769 turns).

Newt the Spear-Bearer (Demonspawn Gladiator)       Turns: 17769, Time: 00:26:06

Health: -3/121     AC: 16    Str: 23    XL:     14   Next: 56%
Magic:  16/21      EV: 18    Int: 10    God:    Qazlal [*****.]
Gold:   846        SH:  7    Dex: 23    Spells: 13/13 levels left

rFire   + + .      SeeInvis .    l - +9 demon trident (elec)
rCold   + . .      Faith    .    (no shield)
rNeg    . . .      Spirit   .    s - +2 leather armour of the Modern Beggars {Harm Fly Stlth-}
rPois   .          Reflect  .    t - +2 hat {Stlth+}
rElec   .          Rampage  .    b - scarf {rC+ rF+}
rCorr   +          Harm     + .  (gloves unavailable)
Will    +....                    (no boots)
Stlth   +                        I - amulet "Noetuniath" {rF+ Regen+ Str+3 Dex+3}
HPRegen 1.20/turn                r - +6 ring of dexterity
MPRegen 0.17/turn                P - +4 ring of protection

@: flying, repel missiles
A: claws 3, yellow scales 3, demonic guardian 1, spiny 3, corrupting presence 1,
mutation resistance 1, sense surroundings 1, robust 1
a: Renounce Religion, Upheaval, Elemental Force, Disaster Area


You were on level 2 of the Shoals.
You worshipped Qazlal.
Qazlal was extremely pleased with you.
You visited 4 branches of the dungeon, and saw 18 of its levels.
You also visited: Sewer, Bailey and Ice Cave.

You collected 1150 gold pieces.
You spent 304 gold pieces at shops.

Inventory:

Hand Weapons
 j - the +11 trident of Xom's Fury {flame, rPois rF+}
   (You acquired it on level 4 of the Dungeon)

   rF:        It protects you from fire.
   rPois:     It protects you from poison.
 l - a +9 demon trident of electrocution (weapon)
Missiles
 a - 6 javelins
 d - 7 throwing nets (quivered)
 w - 21 poisoned darts
Armour
 b - a scarf of resistance (worn)
 c - a +0 helmet
 p - a +1 crystal plate armour of cold resistance
 s - the +2 leather armour of the Modern Beggars (worn) {Harm Fly Stlth-}
   (You found it on level 3 of the Dungeon)

   Fly:       It grants you flight.
   Harm:      It increases damage dealt and taken.
   Stlth:     It makes you less stealthy.
 t - a +2 hat of stealth (worn)
 x - a +1 buckler of protection
 O - the +0 leather armour "Gyiwanep" {+Inv rF+}
   (You bought it in a shop on level 3 of the Dungeon)

   rF:        It protects you from fire.
   +Inv:      It lets you turn invisible.
 S - a +1 cloak
 V - a +0 troll leather armour
Jewellery
 e - a ring of ice
 r - a +6 ring of dexterity (left claw)
 I - the amulet "Noetuniath" (around neck) {rF+ Regen+ Str+3 Dex+3}
   (You found it on level 5 of the Lair of Beasts)

   [amulet of regeneration]

   Str:       It affects your strength (+3).
   Dex:       It affects your dexterity (+3).
   rF:        It protects you from fire.
   Regen:     It increases your rate of health regeneration.
 L - a ring of poison resistance
 P - a +4 ring of protection (right claw)
 R - a ring of flight
Wands
 u - a wand of charming (26)
 G - a wand of roots (23)
 J - a wand of light (16)
 N - a wand of flame (22)
Scrolls
 n - 4 scrolls of enchant armour
 o - a scroll of enchant weapon
 v - 2 scrolls of blinking
 y - 3 scrolls of identify
 A - a scroll of magic mapping
 C - 2 scrolls of poison
 D - 2 scrolls of fear
 E - 2 scrolls of summoning
 F - 6 scrolls of teleportation
 K - a scroll of silence
Potions
 f - 5 potions of resistance
 g - 10 potions of heal wounds
 h - 5 potions of brilliance
 i - a potion of ambrosia
 k - 2 potions of haste
 m - 3 potions of lignification
 q - 14 potions of curing
 z - a potion of mutation
 B - 3 potions of berserk rage
 M - a potion of cancellation
 Q - a potion of magic
 U - 5 potions of degeneration
 W - 4 potions of flight
Miscellaneous
 H - a lightning rod (4/4)


   Skills:
 - Level 10.0 Fighting
 - Level 2.6 Short Blades
 - Level 14.0 Polearms
 - Level 4.4 Throwing
 + Level 8.2 Armour
 + Level 7.6 Dodging
 - Level 5.0 Shields
 - Level 10.0 Unarmed Combat
 - Level 10.0 Invocations


You had 13 spell levels left.
You didn't know any spells.
Your spell library contained the following spells:

 Spells                   Type           Power      Damage    Failure   Level
 Foxfire                  Conj/Fire      0%         2x1d2     38%         1
 Freeze                   Ice            0%         1d3       38%         1
 Sting                    Tmut/Pois      0%         1d3       38%         1
 Blink                    Tloc           0%         N/A       54%         2
 Lesser Beckoning         Tloc           0%         N/A       54%         2
 Momentum Strike          Conj/Tloc      0%         3d8       54%         2
 Poisonous Vapours        Pois/Air       0%         N/A       54%         2
 Frozen Ramparts          Ice            0%         1d1       77%         3
 Hailstorm                Conj/Ice       0%         3d3       77%         3
 Kindle Blastsparks       Fire/Tloc/Air  0%         2d10      77%         3
 Animate Dead             Necr           0%         N/A       99%         4
 Fulminant Prism          Conj/Hex       0%         3d5       99%         4
 Iskenderun's Mystic Bla  Conj/Tloc      0%         2d3       99%         4
 Olgreb's Toxic Radiance  Pois           0%         N/A       99%         4
 Fireball                 Conj/Fire      0%         3d3       100%        5
 Lee's Rapid Deconstruct  Erth           0%         3d4*      100%        5
 Starburst                Conj/Fire      0%         6d3       100%        6
 Haunt                    Necr/Summ      0%         N/A       100%        7
 Infestation              Necr           0%         N/A       100%        8


Dungeon Overview and Level Annotations

Branches:
Dungeon (10/15)            Temple (1/1) D:5            Lair (5/5) D:9
 Shoals (2/4) Lair:3        Snake (0/4) Lair:3        Slime (0/5) Lair:5
    Orc (0/2) D:9           Sewer (visited)          Bailey (visited)
  IceCv (visited)

Altars:
Ashenzari
Cheibriados
Dithmenos
Fedhas
Gozag
Hepliaklqana
Kikubaaqudgha
Makhleb
Nemelex Xobeh
Okawaru
Qazlal
Ru
Sif Muna
Trog
Uskayaw
Vehumet
Wu Jian
Xom
Yredelemnul
Jiyva

Shops:
D:3 [[   D:6 (

Annotations:
Shoals:2 Polyphemus


Innate Abilities, Weirdness & Mutations

You have claws for hands.
You are completely covered in yellow scales. (AC +4, rCorr)
A weak demonic guardian rushes to your aid.
You are completely covered in sharp spines.
Your presence sometimes corrodes those you injure.
You are somewhat resistant to further mutation.
You passively map a small area around you.
You are robust. (+10% HP)


Message History

The helpless Polyphemus fails to defend himself.
You puncture Polyphemus!
Polyphemus is lightly wounded.
The cyclops is engulfed in a thunderstorm.
You kill the cyclops!
Qazlal accepts your kill.
You hear a splash.
The helpless Polyphemus fails to defend himself.
You hit Polyphemus.
Polyphemus is lightly wounded.
Unknown command.
The helpless Polyphemus fails to defend himself.
You hit Polyphemus but do no damage. Lightning courses through Polyphemus!
Polyphemus is lightly wounded.
Polyphemus is engulfed in freezing vapours.
Unknown command.
The helpless Polyphemus fails to defend himself.
You impale Polyphemus!! You claw Polyphemus.
Polyphemus is moderately wounded.
Polyphemus is no longer petrified.
Unknown command.
You hit Polyphemus. Lightning courses through Polyphemus!
Polyphemus is heavily wounded.
Polyphemus is engulfed in freezing vapours.
Polyphemus hits you!! Polyphemus hits you.
Unknown command.
You puncture Polyphemus!
Polyphemus is heavily wounded.
Polyphemus is engulfed in freezing vapours.
Polyphemus hits you!!
* * * LOW HITPOINT WARNING * * *
A demonic guardian appears!
Polyphemus completely misses you.
Unknown command.
Activating: Elemental Force (1% risk of failure)
Press: ? - help, Dir - look around, f - activate Clouds arounds you coalesce and take form!
Polyphemus is engulfed in freezing vapours.
Polyphemus says, "Trying to escape from me is senseless!"
Polyphemus hits you!!
You die...

.<......#.....~≈≈≈ ~ ~
...........~~~~≈≈≈≈≈≈≈≈≈≈
......~...~~~~≈≈≈≈≈≈≈≈≈≈≈≈#
~........~.~~~≈≈≈≈≈≈≈≈≈≈≈≈#
....~.....~~~Y≈≈≈≈≈≈≈≈≈≈≈≈#
.~~...~..~~~Y≈§≈≈≈≈≈≈≈≈≈≈≈#
~~~..~~~~~~~≈≈≈≈≈EE≈≈≈≈≈≈≈#
~~~~~~~~~~~≈≈≈≈5≈≈≈≈≈≈≈≈≈≈#
≈≈≈≈~≈≈≈≈≈≈≈≈≈EC@≈≈≈≈≈≈≈≈≈#
≈≈≈≈≈≈≈≈≈≈≈≈≈≈≈≈E≈≈≈≈≈≈≈≈≈#
≈≈≈≈≈≈≈≈≈≈≈≈≈≈≈E≈§E≈≈≈≈≈≈≈#
≈≈≈≈≈≈≈≈≈≈≈≈≈≈≈≈≈≈≈≈≈≈≈≈≈≈#
≈≈≈≈≈≈≈≈≈≈≈≈≈≈≈≈≈≈≈≈≈≈≈≈≈≈#
≈≈≈≈≈≈≈≈≈≈≈≈≈≈≈≈≈≈≈≈≈≈≈≈#
########################


You could see Polyphemus (ally target), a catoblepas, a dream sheep, 3 friendly
water elementals, 3 friendly air elementals and a friendly white imp (summoned).

Vanquished Creatures
  Gastronok (Lair:3)
  3 dire elephants (Lair:5)
  A hydra (Lair:5)
  The ghost of bande the Cleaver, a journeyman GrFi of Okawaru (Lair:5)
  Harold (D:10)
  2 vault guards (Bailey)
  4 two-headed ogres
  6 death yaks
  A spectral death yak (Lair:5)
  Amaemon (Lair:1)
  A skyshark (Shoals:1)
  A spectral anaconda (Lair:5)
  2 sea snakes (Shoals:1)
  An obsidian statue (Lair:5)
  3 harpies (Shoals:2)
  Pikel (D:6)
  3 necromancers (Lair:5)
  6 manticores
  10 elephants (Lair:5)
  A moth of wrath (D:7)
  2 water nymphs
  A cyclops (Shoals:2)
  The ghost of repsag the Trooper, a novice MiBe of Trog (D:7)
  Joseph (D:8)
  Maurice (D:8)
  4 black mambas
  A merfolk siren (Shoals:1)
  2 ice statues (IceCv)
  Maggie (D:6)
  11 cane toads
  A dire elephant skeleton (Lair:5)
  A torpor snail (Lair:4)
  An orange demon (Lair:1)
  4 komodo dragons
  4 rime drakes
  4 ice devils (IceCv)
  4 merfolk
  2 trolls
  6 polar bears
  Grinder (D:5)
  Prince Ribbit (D:6)
  A hornet (D:9)
  5 wind drakes
  5 dream sheep
  9 blink frogs
  2 snapping turtles (Shoals:1)
  A centaur simulacrum (D:10)
  2 spectral elephants (Lair:5)
  2 water elementals (Shoals:1)
  33 yaks
  5 wyverns
  Eustachio (D:5)
  A dire elephant simulacrum (Lair:5)
  4 humans (Bailey)
  2 death yak simulacra
  A basilisk (Lair:1)
  3 nagas (Lair:3)
  An acid dragon (D:9)
  15 water moccasins
  2 spectral cane toads (Lair:5)
  A hydra simulacrum (IceCv)
  2 ice beasts
  2 orc warriors
  4 ogres
  4 sky beasts
  An elephant zombie (Lair:5)
  4 black bears
  9 wolves
  3 centaurs
  2 elephant skeletons (Lair:5)
  A kobold brigand (D:9)
  15 bullfrogs
  3 gnoll sergeants
  A two-headed ogre simulacrum (IceCv)
  2 scorpions
  2 cane toad simulacra (IceCv)
  2 elephant simulacra
  6 killer bees (D:9)
  2 electric eels
  3 howler monkeys
  4 hounds
  Crazy Yiuf (D:6)
  5 jellies
  5 gnoll boudas
  4 orc priests
  3 iguanas
  A sleepcap (D:8)
  Ijyb (D:3)
  9 hell rats
  7 orc wizards
  2 polar bear simulacra (IceCv)
  2 spriggan simulacra (IceCv)
  2 wolf simulacra (IceCv)
  23 gnolls
  11 adders
  3 naga simulacra (IceCv)
  10 river rats
  5 white imps
  2 ufetubi
  2 worms
  6 dart slugs
  26 orcs
  11 endoplasms
  9 giant cockroaches
  22 goblins
  7 hobgoblins
  4 jackals
  18 ball pythons
  9 bats
  4 frilled lizards
  7 kobolds
  20 rats
513 creatures vanquished.

Vanquished Creatures (collateral kills)
  A reaper (IceCv)
  A yak (Lair:4)
  A bullfrog (Lair:4)
  A naga simulacrum (IceCv)
  A river rat (Lair:2)
5 creatures vanquished.

Vanquished Creatures (others)
  An ufetubus (IceCv)
  4 fungi
  39 plants
  27 withered plants (Lair:5)
71 creatures vanquished.

Grand Total: 589 creatures vanquished

Notes
Turn   | Place    | Note
-------+----------+-------------------------------------------
     0 | D:1      | Newt the Demonspawn Gladiator began the quest for the Orb.
     0 | D:1      | Reached XP level 1. HP: 16/16 MP: 1/1
     1 | D:1      | Noticed an electric eel
   169 | D:1      | Gained mutation: You are partially covered in yellow
                  | scales. (AC +2) [demonic ancestry]
   169 | D:1      | Reached XP level 2. HP: 23/23 MP: 2/2
   610 | D:1      | Gained mutation: You have sharp fingernails. [demonic
                  | ancestry]
   610 | D:1      | Reached XP level 3. HP: 29/29 MP: 3/3
  1750 | D:2      | Gained mutation: You have very sharp fingernails. [demonic
                  | ancestry]
  1750 | D:2      | Reached XP level 4. HP: 37/37 MP: 4/4
  2076 | D:3      | Found Vuafaboa's Antique Armour Shoppe.
  2109 | D:3      | Identified the +2 leather armour of the Modern Beggars
                  | {Harm Fly Stlth-}
  2207 | D:3      | Noticed Ijyb
  2228 | D:3      | Killed Ijyb
  2362 | D:3      | Found Lotsial's Antique Armour Shoppe.
  2473 | D:3      | Gained mutation: You are partially covered in sharp spines.
                  | [demonic ancestry]
  2473 | D:3      | Reached XP level 5. HP: 40/42 MP: 5/5
  2773 | D:3      | Bought a runed buckler for 150 gold pieces
  2804 | D:4      | Identified a scroll of acquirement
  2804 | D:4      | Acquired the +11 trident of Xom's Fury {flame, rPois rF+}
  2827 | D:4      | Reached skill level 1 in Polearms
  2830 | D:4      | Reached skill level 2 in Polearms
  2901 | D:4      | Gained mutation: You are mostly covered in sharp spines.
                  | [demonic ancestry]
  2901 | D:4      | Reached XP level 6. HP: 48/48 MP: 6/6
  2902 | D:4      | Found a hide-covered altar of Uskayaw.
  2907 | D:4      | Reached skill level 3 in Polearms
  2913 | D:4      | Noticed a +0 dagger
  2914 | D:4      | Noticed a +0 falchion
  2914 | D:4      | Noticed a +0 falchion
  2914 | D:4      | Noticed a +0 spear
  2922 | D:4      | Noticed a +0 short sword
  2923 | D:4      | Noticed a +0 dagger
  2924 | D:4      | Noticed a +0 short sword
  2924 | D:4      | Noticed a +0 spear
  3003 | D:4      | Found a glowing drain.
  3022 | Sewer    | Entered a sewer
  3216 | Sewer    | Reached skill level 4 in Polearms
  3636 | D:4      | Reached skill level 5 in Polearms
  3636 | D:4      | Reached XP level 7. HP: 54/54 MP: 7/7
  3838 | D:5      | Entered Level 5 of the Dungeon
  3883 | D:5      | Identified the +6 chain mail "Ileer" {Dex-5 SInv Stlth+}
  3962 | D:5      | Found a staircase to the Ecumenical Temple.
  3970 | Temple   | Entered the Ecumenical Temple
  4110 | Temple   | Became a worshipper of Qazlal Stormbringer
  4205 | D:5      | Noticed Eustachio
  4215 | D:5      | Killed Eustachio
  4216 | D:5      | Reached skill level 6 in Polearms
  4311 | D:5      | Noticed Grinder
  4321 | D:5      | Killed Grinder
  4322 | D:5      | Reached skill level 7 in Polearms
  4322 | D:5      | Gained mutation: You are mostly covered in yellow scales.
                  | (AC +3) [demonic ancestry]
  4322 | D:5      | Reached XP level 8. HP: 55/60 MP: 8/8
  4589 | D:5      | Identified the +4 scimitar "Loesaos" {heavy, rPois rC+
                  | Str+4}
  4609 | D:5      | Reached skill level 8 in Polearms
  5059 | D:6      | Found Nuest's Antique Weapon Shoppe.
  5075 | D:6      | Noticed Maggie
  5084 | D:6      | Killed Maggie
  5085 | D:6      | Reached skill level 9 in Polearms
  5091 | D:6      | Noticed Prince Ribbit
  5099 | D:6      | Killed Prince Ribbit
  5100 | D:6      | Gained mutation: You are completely covered in yellow
                  | scales. (AC +4, rCorr) [demonic ancestry]
  5100 | D:6      | Reached XP level 9. HP: 44/65 MP: 9/9
  5297 | D:6      | Reached * piety under Qazlal
  5495 | D:6      | Found a runed translucent door.
  5496 | D:6      | Noticed Crazy Yiuf
  5536 | D:6      | Noticed Pikel
  5544 | D:6      | Killed Pikel
  5545 | D:6      | Reached skill level 10 in Polearms
  5545 | D:6      | Reached skill level 5 in Fighting
  5945 | D:6      | Reached skill level 1 in Shields
  5961 | D:6      | Killed Crazy Yiuf
  5966 | D:6      | Identified the +3 hammer of Veikhazi {venom, *Corrode
                  | Fragile rPois Dex+8}
  6338 | D:7      | Found a transporter.
  6553 | D:7      | Noticed a two-headed ogre
  6560 | D:7      | Killed a two-headed ogre
  6561 | D:7      | Reached skill level 5 in Shields
  6654 | D:7      | Noticed a moth of wrath
  6654 | D:7      | Noticed repsag's ghost (novice MiBe)
  6656 | D:7      | Found a bloodstained altar of Trog.
  6661 | D:7      | Found a transporter.
  6667 | D:7      | Noticed a two-headed ogre
  6700 | D:7      | Reached skill level 1 in Armour
  6900 | D:7      | Killed a moth of wrath
  6901 | D:7      | Gained mutation: A weak demonic guardian rushes to your
                  | aid. [demonic ancestry]
  6901 | D:7      | Reached XP level 10. HP: 75/76 MP: 10/10
  6905 | D:7      | Killed repsag's ghost
  6908 | D:7      | Killed a two-headed ogre
  7051 | D:7      | Identified the +0 robe "Xyrex" {rElec Will+ Stlth-}
  7184 | D:8      | Found a flagged portal.
  7190 | D:8      | Reached ** piety under Qazlal
  7195 | Bailey   | Entered a bailey
  7217 | Bailey   | Reached skill level 11 in Polearms
  7291 | Bailey   | Noticed a vault guard
  7304 | Bailey   | Killed a vault guard
  7305 | Bailey   | Reached skill level 12 in Polearms
  7503 | Bailey   | Noticed a vault guard
  7515 | Bailey   | Killed a vault guard
  7516 | Bailey   | Gained mutation: You have claws for hands. [demonic
                  | ancestry]
  7516 | Bailey   | Reached XP level 11. HP: 41/81 MP: 11/11
  7714 | D:8      | Gained mutation: You are robust. (+10% HP) [potion of
                  | mutation]
  7714 | D:8      | Gained mutation: You are somewhat resistant to further
                  | mutation. [potion of mutation]
  7714 | D:8      | Gained mutation: You passively map a small area around you.
                  | [potion of mutation]
  7743 | D:8      | Noticed a two-headed ogre
  7747 | D:8      | Killed a two-headed ogre
  7810 | D:8      | Found an opulent altar of Gozag.
  7862 | D:8      | Noticed Joseph
  7870 | D:8      | Killed Joseph
  8183 | D:3      | Bought a heavily runed leather armour for 154 gold pieces
  8183 | D:3      | Identified the +0 leather armour "Gyiwanep" {+Inv rF+} (You
                  | bought it in a shop on level 3 of the Dungeon)
  8434 | D:8      | Noticed Maurice
  8440 | D:8      | Killed Maurice
  8441 | D:8      | Reached skill level 13 in Polearms
  8721 | D:9      | Reached *** piety under Qazlal
  9026 | D:9      | Reached skill level 14 in Polearms
  9026 | D:9      | Upgraded the game from 0.30-a0-986-g7f2e898f52 to
                  | 0.30-a0-989-g0d87f670db
  9026 | D:9      | Found a staircase to the Lair.
  9129 | D:9      | Found a staircase to the Orcish Mines.
  9137 | D:9      | Reached skill level 1 in Unarmed Combat
  9267 | D:9      | Found a hazy altar of Hepliaklqana.
  9332 | D:10     | Entered Level 10 of the Dungeon
  9368 | D:10     | Reached **** piety under Qazlal
  9484 | D:10     | Noticed Harold
  9492 | D:10     | Killed Harold
  9493 | D:10     | Reached skill level 5 in Unarmed Combat
  9572 | D:10     | Noticed a two-headed ogre
  9575 | D:10     | Reached skill level 1 in Invocations
  9584 | D:10     | Killed a two-headed ogre
  9648 | D:10     | Found the +6 shillelagh "Devastator" {shatter}
  9650 | D:10     | Found a bloodstained altar of Trog.
 10015 | Lair:1   | Entered Level 1 of the Lair of Beasts
 10056 | Lair:1   | Gained mutation: You are completely covered in sharp
                  | spines. [demonic ancestry]
 10056 | Lair:1   | Reached XP level 12. HP: 96/96 MP: 15/15
 10159 | Lair:1   | Reached skill level 5 in Invocations
 10180 | Lair:1   | Noticed Amaemon
 10203 | Lair:1   | Killed Amaemon
 11087 | Lair:2   | Reached skill level 10 in Invocations
 11105 | Lair:2   | Found a frozen archway.
 11115 | IceCv    | Entered an ice cave
 11193 | IceCv    | Reached ***** piety under Qazlal
 11729 | IceCv    | Noticed a reaper
 11734 | IceCv    | Killed a reaper
 12371 | Lair:3   | Noticed Gastronok
 12379 | Lair:3   | Killed Gastronok
 12734 | Lair:3   | Found a staircase to the Snake Pit.
 12798 | Lair:3   | Found a staircase to the Shoals.
 12905 | Lair:3   | Reached XP level 13. HP: 102/102 MP: 20/20
 13598 | Lair:4   | Reached skill level 10 in Unarmed Combat
 14543 | Lair:5   | Entered Level 5 of the Lair of Beasts
 14685 | Lair:5   | Found a viscous altar of Jiyva.
 14685 | Lair:5   | Found a staircase to the Slime Pits.
 15007 | Lair:5   | Reached skill level 10 in Fighting
 15318 | Lair:5   | Found a runed translucent gate.
 15318 | Lair:5   | Found a runed translucent gate.
 15319 | Lair:5   | Found a runed translucent gate.
 15320 | Lair:5   | Noticed bande's ghost (journeyman GrFi)
 15377 | Lair:5   | Noticed a dire elephant
 15377 | Lair:5   | Noticed a dire elephant
 15377 | Lair:5   | Noticed a dire elephant
 15396 | Lair:5   | Reached skill level 5 in Armour
 15780 | Lair:5   | Killed a dire elephant
 15789 | Lair:5   | Killed a dire elephant
 15951 | Lair:5   | Reached skill level 5 in Dodging
 15957 | Lair:5   | Gained mutation: Your presence sometimes corrodes those you
                  | injure. [demonic ancestry]
 15957 | Lair:5   | Reached XP level 14. HP: 121/121 MP: 21/21
 16484 | Lair:5   | Killed bande's ghost
 16645 | Lair:5   | Identified the amulet "Noetuniath" {rF+ Regen+ Str+3 Dex+3}
 16726 | Shoals:1 | Entered Level 1 of the Shoals
 17717 | Shoals:2 | Noticed Polyphemus
 17769 | Shoals:2 | Slain by Polyphemus

Illustrated notes

Levels and vault maps discovered:
D:1:      arrival_aquarium_a, layout_basic, serial_bayou, serial_bayou_pond_d,
          serial_bayou_pond_a, serial_bayou_pond_e, serial_bayou_lagoon_b
D:2:      layout_rooms, corexii_item_surrounded_by_moat, supply_closet_lemuel,
          kennysheep_generic_room_10
D:3:      kennysheep_the_goblin_king, layout_basic, serial_shops, shop, shop
D:4:      layout_loops_cross, nicolae_uskayaw_en_pointe, portal_sewer_entry_b
D:5:      kennysheep_spiral_hall, layout_basic, minmay_temple_entry_glass,
          uniq_grinder, uniq_eustachio
D:6:      layout_layer_cave, serial_shops, shop_fountains, uniq_maggie,
          uniq_prince_ribbit1, uniq_pikel, uniq_crazy_yiuf_cottage
D:7:      layout_cave_pools, gammafunk_ghost_wrathful_warriors, abandoned_shop,
          hangedman_decor_points
D:8:      layout_rooms, grunt_gozag_breadcrumbs, enter_bailey_4, uniq_joseph,
          uniq_maurice
D:9:      layout_rooms, nzn_hepliaklqana_mist_gate, david_lair_generic,
          david_orc_3
D:10:     layout_big_octagon, mainiacjoe_overflow_cross_hatched, serial_ice,
          serial_ice_h, serial_ice_a, serial_ice_m, serial_ice_o, uniq_harold
Temple:   regret_index_temple_chain_breaker
Lair:1:   layout_cave_pods, nicolae_volcano_entry_s_turn, uniq_amaemon
Lair:2:   layout_gridlike, portal_ice_cave_entry_pillars_1, kennysheep_rathole
Lair:3:   layout_roguey, shoals_dummy_entry, nicolae_snake_entry_squirm,
          grunt_megastairs_3, uniq_gastronok
Lair:4:   layout_small_grid, grunt_forest_small_clearings,
          infiniplex_staircase_pool, lemuel_fruit_fields, serial_bayou_shore_b
Lair:5:   due_jungle_book, layout_gridlike, dpeg_slime_entry_enclosed,
          gammafunk_ghost_split, serial_bayou_pond_e, cheibrodos_lair_lostbears,
          serial_bayou_shore_b, serial_bayou_shore_b
Shoals:1: layout_shoals
Shoals:2: layout_shoals, uniq_polyphemus

Skill      XL: |  1  2  3  4  5  6  7  8  9 10 11 12 13 14 |
---------------+-------------------------------------------+-----
Fighting       | 3 4 6 10 | 10.0
Throwing       | 2 3 4 |  4.4
Polearms       | 2 5 7 9 10 12 14 | 14.0
Shields        | 5 |  5.0
Armour         | 2 4 5 8 |  8.2
Unarmed Combat | 5 9 10 | 10.0
Invocations    | 4 10 | 10.0
Dodging        | 5 7 |  7.6
Short Blades   | |  2.6

Action                     |  1- 3 |  4- 6 |  7- 9 | 10-12 | 13-15 || total
---------------------------+-------+-------+-------+-------+-------++-------
  Melee: Rapier            |   140 |    41 |       |       |       ||   181
         Falchion          |       |    32 |       |       |       ||    32
         Punch             |       |     2 |       |     9 |    26 ||    37
         Trident           |       |    73 |   149 |   488 |     3 ||   713
         Demon trident     |       |       |       |       |   398 ||   398
  Throw: Throwing net      |       |       |       |     1 |       ||     1
 Invoke: Elemental Force   |       |       |       |     1 |     2 ||     3
         Disaster Area     |       |       |       |       |     1 ||     1
  Evoke: Wand              |       |       |       |       |     1 ||     1
    Use: Scroll            |     1 |    10 |     4 |     9 |    10 ||    34
         Potion            |       |       |     7 |     3 |     2 ||    12
   Stab: Sleeping          |     1 |       |       |       |       ||     1
         Paralysed         |       |       |       |       |     2 ||     2
         Distracted        |       |       |       |       |     1 ||     1
         Petrified         |       |       |       |       |     4 ||     4
 Armour: Leather armour    |    66 |    57 |    31 |    57 |    44 ||   255
  Dodge: Dodged            |   114 |    94 |    41 |    97 |    94 ||   440
         Repelled          |       |       |       |     5 |     1 ||     6
  Block: Buckler           |       |     4 |    27 |   103 |       ||   134
         Other             |       |       |       |     3 |    44 ||    47

Table legend: (Time is in decaauts)
 A = Elapsed time spent in this place.
 B = Non-inter-level travel time spent in this place.
 C = Inter-level travel time spent in this place.
 D = Time resting spent in this place.
 E = Time spent auto-exploring this place.
 F = Levels seen in this place.
 G = Mean time per level.
                   A        B        C        D        E       F      G
               +--------+--------+--------+--------+--------+-----+--------+
         Total |  17469 |  16542 |    927 |   2072 |  11599 |  21 |  831.9 |
       Dungeon |   8937 |   8288 |    649 |    913 |   5960 |  10 |  893.7 |
        Temple |    160 |    104 |     56 |      0 |     87 |   1 |  160.0 |
          Lair |   5774 |   5560 |    214 |    489 |   4186 |   5 | 1154.8 |
        Shoals |    931 |    925 |      6 |     34 |    689 |   2 |  465.5 |
         Sewer |    386 |    386 |      0 |      0 |    274 |   1 |  386.0 |
        Bailey |    502 |    502 |      0 |    298 |    108 |   1 |  502.0 |
      Ice Cave |    776 |    776 |      0 |    338 |    294 |   1 |  776.0 |
               +--------+--------+--------+--------+--------+-----+--------+

Top non-repeatable levels by time:
  Lair:5: 2051 daAuts
     D:1: 1260 daAuts
  Lair:4: 1176 daAuts
     D:6: 1140 daAuts
  Lair:3: 1121 daAuts
     D:7: 1119 daAuts
     D:5: 991 daAuts
  Lair:1: 899 daAuts
     D:3: 898 daAuts
     D:8: 833 daAuts
   IceCv: 776 daAuts
Shoals:1: 728 daAuts
     D:4: 723 daAuts
     D:2: 717 daAuts
    D:10: 635 daAuts
